 Dungeon Sprint DCSS version 0.20.1-1-g8b1a95d (webtiles) character file.

2739 wojtek the Protected (level 9, 0/86 HPs)
             Began as a Minotaur Fighter on Dec 30, 2017.
             Was a Believer of Makhleb.
             Splashed by an oklob plant's acid (7 damage)
             ... in the Dungeon (Sprint I: "Red Sonja").
             The game lasted 00:02:07 (1155 turns).

wojtek the Protected (Minotaur Fighter)             Turns: 1155, Time: 00:02:08

Health: 0/86       AC: -2    Str: 24    XL:     9   Next: 40%
Magic:  12/12      EV: 13    Int:  5    God:    Makhleb [**....]
Gold:   522        SH: 11    Dex: 10    Spells: 8/8 levels left

rFire    . . .     SeeInvis .   a - +0 flail
rCold    . . .     Gourm    .   c - +0 shield
rNeg     . . .     Faith    .   o - +0 scale mail of Cohubasa {+Inv}
rPois    .         Spirit   .   (helmet restricted)
rElec    .         Reflect  .   (no cloak)
rCorr    .         Harm     .   (no gloves)
MR       .....     NoTele   +   (no boots)
Stlth    ..........             (no amulet)
Regen    0.3/turn               (no ring)
MPRegen  0.2/turn               (no ring)

@: corroded
A: retaliatory headbutt, horns 2
a: Minor Destruction, Renounce Religion, Evoke Invisibility


You were in the Dungeon.
You worshipped Makhleb.
Makhleb was pleased with you.
You were not hungry.

You visited 1 branch You collected 522 gold pieces.

Inventory:

Hand Weapons
 a - a +0 flail (weapon)
Armour
 b - a +0 scale mail
 c - a +0 shield (worn)
 o - the +0 scale mail of Cohubasa (worn) {+Inv}
   (You found it in the Dungeon)

   It lets you turn invisible.
Wands
 l - a wand of random effects (34/48)
Scrolls
 k - a scroll of blinking
Potions
 d - a potion of might
 e - a potion of curing
 g - 2 potions of heal wounds
 h - a potion of haste
 i - 2 potions of magic
 j - a potion of berserk rage
 m - a potion of cancellation {unknown}
Comestibles
 f - a bread ration


   Skills:
 + Level 10.6 Fighting
 * Level 13.7 Maces & Flails
 * Level 13.9 Armour
 + Level 9.1 Dodging
 - Level 7.5 Shields
 + Level 6.1 Invocations


You had 8 spell levels left.
You didn't know any spells.

Dungeon Overview and Level Annotations

Branches:
Dungeon (1/1)

Altars:
Cheibriados
Dithmenos
Elyvilon
Fedhas
Gozag
Hepliaklqana
Kikubaaqudgha
Makhleb
Nemelex Xobeh
Okawaru
Qazlal
Ru
Sif Muna
Trog
Uskayaw
Vehumet
Xom
Yredelemnul
Zin
The Shining One
Jiyva
Lugonu

Shops:
D *

Annotations:
D exclusion: oklob plant


Innate Abilities, Weirdness & Mutations

You reflexively headbutt those who attack you in melee.
You have a pair of horns on your head.


Message History

The splash of acid hits you! The acid corrodes you!
You are splashed with acid!
The acid burns!
You hit the oklob plant but do no damage.
You headbutt the oklob plant, but do no damage.
The oklob plant is severely damaged.
You hit the oklob plant but do no damage.
You headbutt the oklob plant.
The oklob plant is severely damaged.
The oklob plant spits acid at you. The splash of acid hits you!
You are splashed with acid!
The acid burns!
* * * LOW HITPOINT WARNING * * *
You hit the oklob plant.
The oklob plant is severely damaged.
You hit the oklob plant.
The oklob plant is severely damaged.
The oklob plant spits acid at you. The splash of acid hits you!
* * * LOW HITPOINT WARNING * * *
The acid corrodes you!
You are splashed with acid!
The acid burns!
You die...

###################
).#.)'..#__#..'.).#
..'..#..'..'..#)..#
#'#####(#__####...+
..#...#(####§§#####
###..##)#≈§≈§§#..#
__##'#.)§≈§§§§§§.#
...'..._#§§§§§#..#
__##_.#'##+#####@#
__###+#)# #P+ ###
### ###


You could see an oklob plant.

Vanquished Creatures
  2 centaur warriors (D)
  2 kobold demonologists (D)
  A hornet (D)
  A slime creature (D)
  Sigmund (D)
  A yak (D)
  A floating eye (D)
  An ogre (D)
  A jelly (D)
  Ijyb (D)
12 creatures vanquished.

Vanquished Creatures (others)
  A gargoyle (D)
1 creature vanquished.

Grand Total: 13 creatures vanquished

Notes
Turn   | Place    | Note
-------+----------+-------------------------------------------
     0 | D        | wojtek the Minotaur Fighter began the quest for the Orb.
     0 | D        | Reached XP level 1. HP: 19/19 MP: 0/0
     1 | D        | Noticed Ijyb
    10 | D        | Killed Ijyb
    10 | D        | Reached skill level 5 in Armour
    10 | D        | Reached XP level 2. HP: 24/28 MP: 1/1
   125 | D        | Killed a gargoyle
   141 | D        | Noticed an ogre
   146 | D        | Killed an ogre
   146 | D        | Reached skill level 5 in Fighting
   146 | D        | Reached skill level 5 in Shields
   146 | D        | Reached XP level 3. HP: 23/36 MP: 2/2
   146 | D        | Reached XP level 4. HP: 27/42 MP: 3/3
   255 | D        | Noticed Sigmund
   263 | D        | Killed Sigmund
   263 | D        | Reached XP level 5. HP: 27/51 MP: 4/4
   402 | D        | Found a burning altar of Makhleb.
   402 | D        | Found a viscous altar of Jiyva.
   402 | D        | Found a shimmering altar of Xom.
   402 | D        | Found a corrupted altar of Lugonu.
   402 | D        | Noticed a slime creature
   411 | D        | Killed a slime creature
   411 | D        | Reached skill level 10 in Armour
   411 | D        | Reached skill level 5 in Dodging
   411 | D        | Reached XP level 6. HP: 38/60 MP: 5/5
   413 | D        | Became a worshipper of Makhleb the Destroyer
   520 | D        | Found a deep blue altar of Sif Muna.
   522 | D        | Found a radiant altar of Vehumet.
   606 | D        | Found Wynubehube's Assorted Antiques.
   606 | D        | Found an ancient bone altar of Kikubaaqudgha.
   606 | D        | Found a hazy altar of Hepliaklqana.
   606 | D        | Found a stormy altar of Qazlal.
   606 | D        | Found a hide-covered altar of Uskayaw.
   606 | D        | Found a blossoming altar of Fedhas.
   606 | D        | Found a bloodstained altar of Trog.
   606 | D        | Found an iron altar of Okawaru.
   606 | D        | Found a basalt altar of Yredelemnul.
   606 | D        | Found a glowing golden altar of the Shining One.
   606 | D        | Found a snail-covered altar of Cheibriados.
   606 | D        | Found a sacrificial altar of Ru.
   606 | D        | Found a glowing silver altar of Zin.
   606 | D        | Found a shadowy altar of Dithmenos.
   606 | D        | Found a white marble altar of Elyvilon.
   606 | D        | Noticed a yak
   615 | D        | Killed a yak
   615 | D        | Reached skill level 10 in Maces & Flails
   615 | D        | Reached XP level 7. HP: 37/68 MP: 5/7
   616 | D        | Found an opulent altar of Gozag.
   617 | D        | Found a sparkling altar of Nemelex Xobeh.
   771 | D        | Noticed a kobold demonologist
   772 | D        | Noticed a kobold demonologist
   773 | D        | Reached * piety under Makhleb
   795 | D        | Killed a kobold demonologist
   805 | D        | Noticed a rust devil
   807 | D        | Killed a kobold demonologist
   807 | D        | Reached XP level 8. HP: 70/78 MP: 9/9
   822 | D        | Noticed a centaur warrior
   822 | D        | Noticed a centaur warrior
   846 | D        | Killed a centaur warrior
   846 | D        | Reached ** piety under Makhleb
   846 | D        | Reached skill level 5 in Invocations
   863 | D        | Killed a centaur warrior
   863 | D        | Reached skill level 10 in Fighting
   863 | D        | Reached XP level 9. HP: 22/86 MP: 10/12
   973 | D        | Got an ancient scale mail
   984 | D        | Identified the +0 scale mail of Cohubasa {+Inv} (You found it in the Dungeon)
  1145 | D        | Noticed an oklob plant
  1155 | D        | Splashed by an oklob plant's acid

Skill      XL: |  1  2  3  4  5  6  7  8  9 |
---------------+----------------------------+-----
Fighting       | 4 5 6 7 8 9 10 | 10.6
Maces & Flails | 4 6 8 9 10 11 13 | 13.7
Armour         | 5 7 8 10 11 13 | 13.9
Dodging        | 2 3 4 5 6 7 9 |  9.1
Shields        | 4 5 6 7 |  7.5
Invocations    | 2 3 5 6 |  6.1

Action                   |  1- 3 |  4- 6 |  7- 9 || total
-------------------------+-------+-------+-------++-------
Melee: Flail             |    13 |    26 |    81 ||   120
       Headbutt          |     4 |     8 |    25 ||    37
  Eat: Chunk             |       |       |     1 ||     1
Armor: Scale mail        |     3 |       |    25 ||    28
Dodge: Dodged            |     2 |     5 |    29 ||    36
Block: Shield            |     5 |     8 |    48 ||    61
